 Dungeon Crawl Stone Soup version 0.24-a0-203-gf0bc1e9 (webtiles) character file.

Game seed: 2834990486138641487

36377 tilp the Brawler (level 13, -4/131 HPs)
             Began as a Troll Monk on Mar 26, 2019.
             Was a High Priest of Qazlal.
             Slain by a four-headed hydra (9 damage)
             ... on level 5 of the Lair of Beasts.
             The game lasted 00:52:13 (14910 turns).

tilp the Brawler (Troll Monk)                      Turns: 14910, Time: 00:52:14

Health: -4/131     AC: 11    Str: 26    XL:     13   Next: 52%
Magic:  18/18      EV: 11    Int:  6    God:    Qazlal [*****.]
Gold:   1051       SH: 19    Dex: 16    Spells: 12/12 levels left

rFire    + . .     SeeInvis .   a - +3 scimitar (flame)
rCold    . . .     Gourm    +   s - +0 shield
rNeg     . . .     Faith    .   I - +2 robe {MR+}
rPois    .         Spirit   .   (helmet restricted)
rElec    .         Reflect  .   (no cloak)
rCorr    .         Harm     .   (gloves unavailable)
MR       +....                  (boots unavailable)
Stlth    +.........             L - amulet "Fime Hadgh" {Regen+ Dex+4}
HPRegen  1.11/turn              A - ring of protection from fire
MPRegen  0.16/turn              (no ring)

@: protected from physical damage, repel missiles
A: large, unfitting armour, claws 3, fast metabolism 3, gourmand, regeneration
1, shaggy fur 1, tough skin 3
a: Upheaval, Elemental Force, Disaster Area, Renounce Religion


You were on level 5 of the Lair of Beasts.
You worshipped Qazlal.
Qazlal was extremely pleased with you.
You were very full.

You visited 2 branches of the dungeon, and saw 17 of its levels.
You also visited: Ossuary and Ice Cave.

You collected 1051 gold pieces.

Inventory:

Hand Weapons
 a - a +3 scimitar of flaming (weapon)
Missiles
 r - 22 tomahawks (quivered)
 y - 7 javelins
Armour
 s - a +0 shield (worn)
 I - a +2 robe of magic resistance (worn)
 O - a +1 large shield of cold resistance
Jewellery
 A - a ring of protection from fire (left claw)
 E - an uncursed amulet of guardian spirit
 L - the amulet "Fime Hadgh" (around neck) {Regen+ Dex+4}
   (You found it on level 3 of the Lair of Beasts)

   [amulet of regeneration]

   It affects your dexterity (+4).
   It increases your rate of regeneration.
Wands
 m - a wand of random effects (8)
 x - a wand of digging (14)
 C - a wand of enslavement (18)
 H - a wand of paralysis (10)
 K - a wand of polymorph (12)
Scrolls
 f - a scroll of fog
 g - a scroll of holy word
 h - a scroll of amnesia {unknown}
 i - a scroll of blinking
 j - 8 scrolls of enchant armour
 n - 5 scrolls of remove curse
 p - 4 scrolls of teleportation
 t - 3 scrolls of enchant weapon
 B - a scroll of brand weapon {unknown}
 F - a scroll of acquirement {unknown}
 J - a scroll of noise {unknown}
Potions
 c - 14 potions of curing
 d - 3 potions of haste
 e - 3 potions of lignification
 k - 6 potions of flight
 l - 2 potions of cancellation
 o - a potion of heal wounds
 q - 3 potions of brilliance
 u - 2 potions of ambrosia
 v - a potion of invisibility
 w - 2 potions of magic
 z - a potion of berserk rage
 D - 5 potions of might
 N - a potion of resistance
Miscellaneous
 G - a crystal ball of energy
Comestibles
 b - 32 rations


   Skills:
 + Level 9.2 Fighting
 - Level 2.4 Dodging
 - Level 1.0 Stealth
 - Level 10.0 Shields
 - Level 15.0 Unarmed Combat
 - Level 8.0 Invocations


You had 12 spell levels left.
You didn't know any spells.
Your spell library contained the following spells:

 Spells                   Type           Power        Failure   Level  Hunger
 Animate Skeleton         Necr           N/A          45%         1    ##.....
 Pain                     Necr           #...         45%         1    ##.....
 Summon Small Mammal      Summ           #...         45%         1    ##.....
 Call Imp                 Summ           #.......     58%         2    ###....
 Call Canine Familiar     Summ           #.......     83%         3    ####...
 Regeneration             Chrm/Necr      #.........   83%         3    ####...
 Summon Guardian Golem    Hex/Summ       #.......     83%         3    ####...
 Vampiric Draining        Necr           #.........   83%         3    ####...
 Animate Dead             Necr           N/A          99%         4    #####..
 Summon Ice Beast         Ice/Summ       #.......     99%         4    #####..
 Summon Lightning Spire   Summ/Air       #.......     99%         4    #####..


Dungeon Overview and Level Annotations

Branches:
Dungeon (12/15)            Temple (0/1) D:7            Lair (5/6) D:11
 Shoals (0/4) Lair:2        Snake (0/4) Lair:3          Orc (0/2) D:12
  Slime: Lair:5-6

Altars:
Cheibriados
Gozag
Kikubaaqudgha
Makhleb
Nemelex Xobeh
Qazlal
Trog
Uskayaw
Vehumet

Annotations:
D:7 2 transporters, Anon1729's ghost, novice DsGl
D:8 dig vault (cyan ut)
D:9 exclusion: ice statue


Innate Abilities, Weirdness & Mutations

You are too large for most types of armour.
You have claws for hands.
Your metabolism is lightning-fast.
You like to eat raw meat.
Your natural rate of healing is unusually fast.
You are covered in fur. (AC +1)
You have extremely tough skin. (AC +3)


Message History

You block the five-headed hydra's attack.
You chop one of the five-headed hydra's heads off!
The flame cauterises the wound!
You slash the four-headed hydra! You burn the four-headed hydra.
The four-headed hydra is heavily wounded.
You block the komodo dragon's attack. The four-headed hydra bites you!
* * * LOW HITPOINT WARNING * * *
You feel more protected from physical attacks.
The four-headed hydra bites you!
* * * LOW HITPOINT WARNING * * *
You block the four-headed hydra's attack. x2
You hit the four-headed hydra. You burn the four-headed hydra.
The four-headed hydra is heavily wounded.
You block the komodo dragon's attack. The four-headed hydra bites you.
* * * LOW HITPOINT WARNING * * *
You block the four-headed hydra's attack.
The four-headed hydra bites you!
* * * LOW HITPOINT WARNING * * *
The four-headed hydra bites you!
You die...

... .. .. . .
.. ##. ...
#.### ....
#.<.## #...
##Dl..##
#....##.@°○%.#
#..†.☼§.......#
#...§§.§.......
##..........P.#
###.......P.##
.#.....PP.#
####....####
#...P# ...##


You could see a four-headed hydra and a komodo dragon.

Vanquished Creatures
  Gastronok (Lair:1)
  A frost giant (IceCv)
  2 two-headed ogres
  Erica (Lair:2)
  Sonja (Lair:4)
  An unseen horror (D:11)
  A lindwurm (Lair:2)
  A merfolk siren (Lair:2)
  An oklob plant (Lair:2)
  4 black mambas
  3 ice statues (IceCv)
  6 elephants (Lair:4)
  8 spiny frogs
  A kobold demonologist (D:11)
  3 komodo dragons
  12 polar bears (IceCv)
  4 trolls
  4 slime creatures (D:12)
  4 hippogriffs
  A spriggan (D:7)
  3 wyverns
  30 yaks
  Eustachio (D:5)
  A basilisk (Lair:2)
  A hungry ghost (D:10)
  A steam dragon (D:7)
  2 wargs
  11 water moccasins
  A soldier ant (D:12)
  8 porcupines
  6 orc warriors
  11 ice beasts
  3 black bears
  2 eyes of draining (D:11)
  2 phantoms
  4 sky beasts
  A slave (D:9)
  An ogre (D:11)
  6 wolves (IceCv)
  8 centaurs
  10 crocodiles
  3 big kobolds
  19 bullfrogs
  An elf skeleton (D:6)
  3 water moccasin zombies (Ossuary)
  3 scorpions
  2 howler monkeys (D:6)
  An electric eel (Lair:4)
  2 centaur zombies (D:11)
  7 crimson imps
  2 quasits
  A bullfrog zombie (D:10)
  4 jellies
  A centaur skeleton (D:9)
  4 hounds
  2 human zombies (D:6)
  6 orc priests
  A gnoll shaman (D:7)
  13 orc wizards
  Terence (D:2)
  A human skeleton (D:6)
  A bullfrog skeleton (D:12)
  2 iguanas
  9 worker ants
  A big kobold zombie (Ossuary)
  3 hound zombies
  3 hound skeletons
  2 mummies (Ossuary)
  21 adders
  7 gnolls
  3 shadow imps
  An ooze (D:1)
  2 adder skeletons
  9 adder zombies
  3 worms
  2 dart slugs
  7 leopard geckos
  53 orcs
  6 bats
  3 giant cockroaches
  3 hobgoblins
  4 jackals (D:1)
  28 kobolds
  4 quokkas
  3 ball pythons
  6 frilled lizards
  10 goblins
  2 hobgoblin zombies (Ossuary)
  11 kobold zombies (Ossuary)
  A leopard gecko skeleton (D:5)
  2 orc skeletons (D:6)
  4 orc zombies (Ossuary)
  A quokka zombie (D:5)
  5 rats
  2 rat zombies (D:6)
474 creatures vanquished.

Vanquished Creatures (collateral kills)
  Pikel (D:9)
  A leopard gecko (D:9)
2 creatures vanquished.

Vanquished Creatures (others)
  2 fungi
  4 plants
6 creatures vanquished.

Grand Total: 482 creatures vanquished

Notes
Turn   | Place    | Note
-------+----------+-------------------------------------------
     0 | D:1      | tilp the Troll Monk began the quest for the Orb.
     0 | D:1      | Reached XP level 1. HP: 22/22 MP: 0/0
    94 | D:1      | Reached XP level 2. HP: 29/29 MP: 1/1
   279 | D:1      | Reached skill level 4 in Unarmed Combat
   402 | D:1      | Reached XP level 3. HP: 36/36 MP: 2/2
   667 | D:2      | Reached XP level 4. HP: 44/44 MP: 3/3
   712 | D:2      | Reached skill level 5 in Unarmed Combat
   789 | D:2      | Noticed a sky beast
   811 | D:2      | Killed a sky beast
   811 | D:2      | Reached skill level 6 in Unarmed Combat
   811 | D:2      | Reached XP level 5. HP: 43/50 MP: 4/4
   844 | D:2      | Noticed Terence
   931 | D:2      | Found a radiant altar of Vehumet.
   958 | D:2      | Found a stormy altar of Qazlal.
   984 | D:2      | Became a worshipper of Qazlal Stormbringer
   984 | D:2      | Reached * piety under Qazlal
   984 | D:2      | Reached ** piety under Qazlal
  1446 | D:2      | Killed Terence
  1555 | D:3      | Reached XP level 6. HP: 55/59 MP: 5/5
  1587 | D:3      | Reached skill level 7 in Unarmed Combat
  2316 | D:4      | Found a snail-covered altar of Cheibriados.
  2853 | D:5      | Entered Level 5 of the Dungeon
  2857 | D:5      | Found an opulent altar of Gozag.
  2858 | D:5      | Found a hide-covered altar of Uskayaw.
  2862 | D:5      | Found a sparkling altar of Nemelex Xobeh.
  2876 | D:5      | Noticed an ice beast
  2887 | D:5      | Killed an ice beast
  2887 | D:5      | Reached skill level 8 in Unarmed Combat
  2887 | D:5      | Reached XP level 7. HP: 64/66 MP: 6/6
  2940 | D:5      | Reached skill level 1 in Invocations
  2951 | D:5      | Reached *** piety under Qazlal
  3020 | D:5      | Noticed Eustachio
  3051 | D:5      | Killed Eustachio
  3065 | D:5      | Reached XP level 8. HP: 42/78 MP: 9/9
  3616 | D:6      | Found a sand-covered staircase.
  3633 | Ossuary  | Entered an ossuary
  3705 | Ossuary  | Reached **** piety under Qazlal
  3774 | Ossuary  | Reached skill level 5 in Invocations
  3779 | Ossuary  | Reached skill level 9 in Unarmed Combat
  4016 | D:6      | Found an ancient bone altar of Kikubaaqudgha.
  4129 | D:6      | Reached XP level 9. HP: 79/84 MP: 12/12
  4453 | D:6      | Reached skill level 10 in Unarmed Combat
  4788 | D:7      | Found a burning altar of Makhleb.
  4806 | D:7      | Found a transporter.
  4806 | D:7      | Noticed Anon1729's ghost (novice DsGl)
  4806 | D:7      | Noticed a troll
  4810 | D:7      | Found a transporter.
  4921 | D:7      | Noticed a two-headed ogre
  4931 | D:7      | Reached skill level 11 in Unarmed Combat
  4999 | D:7      | Killed a two-headed ogre
  4999 | D:7      | Reached skill level 12 in Unarmed Combat
  5043 | D:7      | Found a staircase to the Ecumenical Temple.
  5115 | D:7      | Reached skill level 1 in Shields
  5351 | D:7      | Reached XP level 10. HP: 92/92 MP: 13/13
  5775 | D:8      | Noticed a cyan ugly thing
  5775 | D:8      | Noticed a two-headed ogre
  6461 | D:9      | Reached ***** piety under Qazlal
  6578 | D:9      | Noticed Pikel
  6582 | D:9      | Reached skill level 5 in Shields
  6589 | D:9      | Noticed a two-headed ogre
  6595 | D:9      | Killed Pikel
  6597 | D:9      | Killed a two-headed ogre
  6614 | D:9      | Found a bloodstained altar of Trog.
  6677 | D:9      | Noticed an ice statue
  6823 | D:10     | Entered Level 10 of the Dungeon
  7480 | D:10     | Reached skill level 5 in Fighting
  7868 | D:11     | Reached XP level 11. HP: 103/104 MP: 14/14
  8587 | D:11     | Found a staircase to the Lair.
  8682 | D:11     | Killed an unseen horror
  9545 | D:12     | Found a staircase to the Orcish Mines.
  9915 | Lair:1   | Entered Level 1 of the Lair of Beasts
  9988 | Lair:1   | Noticed Gastronok
  9997 | Lair:1   | Killed Gastronok
 10115 | Lair:1   | Reached XP level 12. HP: 79/119 MP: 10/15
 10789 | Lair:2   | Noticed Erica
 10806 | Lair:1   | Reached skill level 13 in Unarmed Combat
 10983 | Lair:2   | Killed Erica
 11475 | Lair:2   | Found a staircase to the Shoals.
 12097 | Lair:3   | Found a staircase to the Snake Pit.
 12122 | Lair:3   | Reached skill level 10 in Shields
 12238 | Lair:3   | Got a crude ruby amulet
 12251 | Lair:3   | Identified the amulet "Fime Hadgh" {Regen+ Dex+4} (You
                  | found it on level 3 of the Lair of Beasts)
 12813 | Lair:4   | Reached skill level 14 in Unarmed Combat
 12846 | Lair:4   | Noticed Sonja
 12992 | Lair:4   | Found a frozen archway.
 13005 | Lair:4   | Killed Sonja
 13020 | IceCv    | Entered an ice cave
 13064 | IceCv    | Reached XP level 13. HP: 62/127 MP: 16/16
 13169 | IceCv    | Reached skill level 15 in Unarmed Combat
 13207 | IceCv    | Noticed a frost giant
 13281 | IceCv    | Killed a frost giant
 14910 | Lair:5   | HP: 5/131 [four-headed hydra (12)]
 14910 | Lair:5   | Slain by a four-headed hydra

Levels and vault maps discovered:
D:1:      saegor_arrival_under_anarchy, layout_basic, hangedman_decor_opposing
D:2:      layout_loops_cross, vehumet_crystals, lemuel_crystal_altar,
          first_ration, kennysheep_nub, uniq_terence
D:3:      layout_loops_ring
D:4:      layout_basic, kennysheep_slug_shrine
D:5:      layout_loops_ring, grunt_temple_overflow_open,
          kennysheep_generic_room_4, uniq_eustachio
D:6:      layout_loops_ring, lemuel_zombie_altar_kikubaaqudgha,
          nicolae_ossuary_entry_catacombs, minmay_misc_feat_ornament
D:7:      layout_loops_corners, makhleb_grotto_becter, temple_green,
          gammafunk_ghost_arena, the_bakery
D:8:      layout_rooms, minivault_23, hex_tiny, onia_ninara_dug_in_and_dangerous
D:9:      lemuel_ice_statue, layout_gridville, trog_ov_bears_minmay,
          minmay_misc_feat_square, uniq_pikel
D:10:     layout_basic
D:11:     layout_cave_pools, erik_lair_orcish_takeover
D:12:     layout_irregular_city, orc_0_dummy
Lair:1:   layout_long_grid, infiniplex_staircase_pool_2, uniq_gastronok
Lair:2:   layout_long_grid, minmay_shoals_entry_lonely_mermaid,
          hangedman_lair_unloving_vines, chequers_serial_rivers_small_b,
          minmay_lair_oklob_chamber, uniq_erica
Lair:3:   wander_river, layout_gridlike, minmay_snake_entry_six_corridors
Lair:4:   layout_cave_pods, portal_ice_cave_entry_ice_beasts, st_stairs_5,
          serial_bayou_shore_a, uniq_sonja
Lair:5:   layout_hall_layers, minmay_slime_entry_oklob_enclosed,
          grunt_megastairs_3
Ossuary:  ossuary_tomb_2
IceCv:    ice_cave_small_giant

Skill      XL: |  1  2  3  4  5  6  7  8  9 10 11 12 13 |
---------------+----------------------------------------+-----
Unarmed Combat | 4 6 8 9 12 14 15 | 15.0
Invocations    | 3 5 6 8 |  8.0
Fighting       | 4 5 8 9 |  9.2
Shields        | 1 7 8 10 | 10.0
Dodging        | |  2.4
Stealth        | |  1.0

Action                   |  1- 3 |  4- 6 |  7- 9 | 10-12 | 13-15 || total
-------------------------+-------+-------+-------+-------+-------++-------
Melee: Unarmed           |    81 |   151 |   357 |   737 |   180 ||  1506
       Punch             |       |     5 |     2 |       |       ||     7
       Scimitar          |       |       |       |       |     5 ||     5
Throw: Stone             |       |     5 |       |       |       ||     5
       Tomahawk          |       |       |       |    10 |     2 ||    12
Invok: Upheaval          |       |       |     5 |     6 |       ||    11
       Elemental Force   |       |       |       |     1 |       ||     1
       Disaster Area     |       |       |       |     2 |       ||     2
Evoke: Wand              |       |       |       |     3 |       ||     3
  Use: Scroll            |       |     6 |     5 |    11 |     2 ||    24
       Potion            |       |       |       |     1 |     6 ||     7
 Stab: Sleeping          |     2 |     2 |       |       |       ||     4
       Paralysed         |       |       |       |     2 |       ||     2
  Eat: Chunk             |    12 |    20 |    23 |    69 |    16 ||   140
Armor: Robe              |    33 |    62 |    73 |   134 |    29 ||   331
Dodge: Dodged            |    47 |    64 |    84 |   168 |    28 ||   391
       Deflected         |       |       |       |     8 |       ||     8
Block: Other             |       |    10 |    12 |       |       ||    22
       Shield            |       |       |   114 |   579 |   133 ||   826

Table legend:
 A = Non-vault XP
 B = Vault XP
 C = Vault XP percentage of total XP
 D = Non-vault monster count
 E = Vault monster count
 F = Vault count percentage of total count
                 A         B        C        D         E       F
            +---------+---------+-------+---------+---------+-------
      Total |   30928 |   21040 |  40.5 |     354 |     121 |  25.5
            +---------+---------+-------+---------+---------+-------
        D:1 |      53 |       0 |   0.0 |      28 |       0 |   0.0
        D:2 |     266 |      38 |  12.5 |      22 |       1 |   4.3
        D:3 |     138 |       0 |   0.0 |      22 |       0 |   0.0
        D:4 |      85 |       4 |   4.5 |      10 |       1 |   9.1
        D:5 |     876 |     202 |  18.7 |      25 |       1 |   3.8
        D:6 |    1090 |     210 |  16.2 |      26 |       8 |  23.5
        D:7 |    2103 |     266 |  11.2 |      25 |       2 |   7.4
        D:8 |    1219 |       0 |   0.0 |      33 |       0 |   0.0
        D:9 |    2179 |     635 |  22.6 |      19 |       3 |  13.6
       D:10 |    1826 |     375 |  17.0 |      32 |       4 |  11.1
       D:11 |    3221 |     255 |   7.3 |      26 |       5 |  16.1
       D:12 |    2410 |       0 |   0.0 |      20 |       0 |   0.0
     Lair:1 |    2944 |    2439 |  45.3 |      15 |       2 |  11.8
     Lair:2 |    3092 |    3214 |  51.0 |      16 |       7 |  30.4
     Lair:3 |    3460 |    1557 |  31.0 |      13 |      17 |  56.7
     Lair:4 |    4469 |    1274 |  22.2 |      15 |       3 |  16.7
     Lair:5 |    1497 |       0 |   0.0 |       7 |       0 |   0.0
    Ossuary |       0 |     348 | 100.0 |       0 |      31 | 100.0
      IceCv |       0 |   10223 | 100.0 |       0 |      36 | 100.0
            +---------+---------+-------+---------+---------+-------
